 Dungeon Crawl Stone Soup version 0.30-a0-694-g3340775977 (webtiles) character file.

Game seed: 17165804892667498490

341 Alitron123 the Poker (level 6, -4/51 HPs)
             Began as a Gnoll Reaver on Jan 20, 2023.
             Was an Initiate of Yredelemnul.
             Slain by an orc warrior
             ... wielding a +0 trident
              (6 damage)
             ... on level 4 of the Dungeon.
             The game lasted 00:06:03 (2784 turns).

Alitron123 the Poker (Gnoll Reaver)                 Turns: 2784, Time: 00:06:04

Health: -4/51      AC: 10    Str: 14      XL:     6   Next: 56%
Magic:  14/14      EV: 10    Int: 10 (12) God:    Yredelemnul [......]
Gold:   184        SH:  0    Dex:  9 (10) Spells: 14/15 levels left

rFire   x . .      SeeInvis .    a - +0 spear
rCold   + . .      Faith    .    (no shield)
rNeg    . . .      Spirit   .    c - +3 scale mail {rPois}
rPois   +          Reflect  .    (no helmet)
rElec   .          Harm     .    (no cloak)
rCorr   .          Rampage  .    (no gloves)
Will    .....                    p - +0 pair of boots Stlth
                                 (no amulet)
HPRegen 0.28/turn                d - ring of ice
MPRegen 0.14/turn                (no ring)

@: no status effects
A: fangs 1, strong nose, distributed training
a: Renounce Religion, Recall Undead Harvest


You were on level 4 of the Dungeon.
You worshipped Yredelemnul.
Yredelemnul was noncommittal.
You visited 1 branch of the dungeon, and saw 4 of its levels.

You collected 184 gold pieces.

Inventory:

Hand Weapons
 a - a +0 spear (weapon)
Armour
 c - a +3 scale mail of poison resistance (worn)
 p - a +0 pair of boots (worn)
Jewellery
 d - a ring of ice (left hand)
 s - a +4 ring of protection
Wands
 o - a wand of iceblast (2) (quivered)
Scrolls
 f - a scroll of amnesia
 i - 3 scrolls of teleportation
 j - 3 scrolls of vulnerability {unknown}
 k - 3 scrolls of blinking
 m - a scroll of poison
 q - a scroll of identify
Potions
 b - a potion of flight {unknown}
 e - a potion of attraction
 g - a potion of berserk rage
 h - a potion of haste
 l - a potion of resistance {unknown}
 n - a potion of magic


   Skills:
 + Level 5.0 Fighting
 + Level 2.1 Short Blades
 + Level 2.1 Long Blades
 + Level 2.1 Axes
 + Level 2.1 Maces & Flails
 + Level 6.9 Polearms
 + Level 2.1 Staves
 + Level 2.1 Ranged Weapons
 + Level 2.1 Throwing
 + Level 2.1 Armour
 + Level 5.0 Dodging
 + Level 2.1 Stealth
 + Level 2.1 Shields
 + Level 2.1 Unarmed Combat
 + Level 5.4 Spellcasting
 + Level 5.7 Conjurations
 + Level 1.6 Hexes
 + Level 1.6 Summonings
 + Level 1.6 Necromancy
 + Level 1.6 Translocations
 + Level 1.6 Transmutations
 + Level 1.6 Fire Magic
 + Level 1.6 Ice Magic
 + Level 1.6 Air Magic
 + Level 1.6 Earth Magic
 + Level 1.6 Poison Magic
 + Level 2.3 Invocations
 + Level 2.1 Evocations


You had 14 spell levels left.
You knew the following spells:

 Your Spells              Type           Power      Damage    Failure   Level
a - Kiss of Death         Conj/Necr      40%        2d8       21%         1

Your spell library contained the following spells:

 Spells                   Type           Power      Damage    Failure   Level
 Momentum Strike          Conj/Tloc      20%        3d8       30%         2
 Hailstorm                Conj/Ice       15%        3d5       52%         3
 Call Canine Familiar     Summ           6%         N/A       80%         3
 Confusing Touch          Hex            6%         N/A       80%         3
 Portal Projectile        Hex/Tloc       12%        N/A       80%         3
 Dispel Undead            Necr           6%         3d8       99%         4
 Leda's Liquefaction      Hex/Erth       3%         N/A       99%         4


Dungeon Overview and Level Annotations

Branches:
Dungeon (4/15)
 Temple: D:4-7

Altars:
Dithmenos
Okawaru
Trog
Yredelemnul


Innate Abilities, Weirdness & Mutations

You have very sharp teeth.
Your uncanny sense of smell can sniff out nearby items.
Your experience applies equally to all skills.


Message History

You are too injured to fight recklessly!
Your kobold zombie completely misses the orc warrior.
Your orc zombie closely misses the orc warrior.
The orc warrior closely misses you.
You are too injured to fight recklessly!
You are too injured to fight recklessly!
You are too injured to fight recklessly!
Your orc zombie hits the orc warrior but does no damage.
Your kobold zombie hits the orc warrior but does no damage.
Your orc zombie misses the orc warrior.
The orc warrior barely misses you.
You swap places.
Your orc zombie hits the orc warrior.
The orc warrior closely misses you.
You swap places.
Your kobold zombie hits the orc warrior but does no damage.
Your orc zombie hits the orc warrior but does no damage.
Your orc zombie completely misses the orc warrior.
The orc warrior hits you but does no damage.
Aiming: Iceblast
Press: ? - help, Shift-Dir - straight line, f/p - orc warrior
Aim: an orc warrior, wielding a +0 trident and wearing a +0 chain mail (ally target) Really fire at your kobold zombie?
Okay, then.
Your kobold zombie hits the orc warrior but does no damage.
Your orc zombie hits the orc warrior but does no damage.
Your orc zombie barely misses the orc warrior.
The orc warrior hits you from afar with a +0 trident!
* * * LOW HITPOINT WARNING * * *
You are too injured to fight recklessly!
You are too injured to fight recklessly!
You feel better.
Your kobold zombie closely misses the orc warrior.
Your orc zombie hits the orc warrior but does no damage.
The orc warrior hits you from afar with a +0 trident!
* * * LOW HITPOINT WARNING * * *
Your orc zombie closely misses the orc warrior.
Your kobold zombie barely misses the orc warrior.
Your orc zombie hits the orc warrior but does no damage.
The orc warrior hits you from afar with a +0 trident.
You die...
Your body rises from the dead as a mindless zombie.

# ∆ #. #.# ∆ .. #.
#.#########
#..##...@.# ∆
##########....#ZZ.##
.....Z.)......##oZ.##
#################...#
##...# ∆ #...# #...#
#.)^# ._.#


You could see an orc warrior (ally target), a friendly kobold zombie and 2
friendly orc zombies.

Vanquished Creatures
  A sky beast (D:3)
  A phantom (D:4)
  Natasha (thrice) (D:2)
  3 adders
  A dart slug (D:2)
  8 orcs
  4 ball pythons
  6 endoplasms
  2 giant cockroaches
  2 goblins
  10 hobgoblins
  5 jackals
  A quokka (D:4)
  5 bats
  5 frilled lizards
  10 kobolds
  3 rats
70 creatures vanquished.

Vanquished Creatures (collateral kills)
  2 orcs (D:4)
  A jackal (D:4)
  A kobold (D:4)
4 creatures vanquished.

Vanquished Creatures (others)
  A hobgoblin zombie (D:4)
  2 jackal zombies (D:4)
  An orc zombie (D:4)
  A quokka zombie (D:4)
5 creatures vanquished.

Grand Total: 79 creatures vanquished

Notes
Turn   | Place    | Note
-------+----------+-------------------------------------------
     0 | D:1      | Alitron123 the Gnoll Reaver began the quest for the Orb.
     0 | D:1      | Reached XP level 1. HP: 20/20 MP: 6/6
    95 | D:1      | Reached XP level 2. HP: 21/26 MP: 7/7
   670 | D:2      | Reached skill level 5 in Spellcasting
   670 | D:2      | Reached XP level 3. HP: 26/31 MP: 7/9
   733 | D:2      | Noticed Natasha
   744 | D:2      | Killed Natasha
   745 | D:2      | Reached skill level 1 in Short Blades
   745 | D:2      | Reached skill level 1 in Long Blades
   745 | D:2      | Reached skill level 1 in Axes
   745 | D:2      | Reached skill level 1 in Maces & Flails
   745 | D:2      | Reached skill level 1 in Staves
   745 | D:2      | Reached skill level 1 in Ranged Weapons
   745 | D:2      | Reached skill level 1 in Throwing
   745 | D:2      | Reached skill level 1 in Armour
   745 | D:2      | Reached skill level 1 in Stealth
   745 | D:2      | Reached skill level 1 in Shields
   745 | D:2      | Reached skill level 1 in Unarmed Combat
   745 | D:2      | Reached skill level 1 in Invocations
   745 | D:2      | Reached skill level 1 in Evocations
   816 | D:2      | Reached XP level 4. HP: 34/38 MP: 11/11
   914 | D:2      | Found a faded altar of an unknown god.
  1006 | D:2      | Noticed Natasha
  1012 | D:2      | Killed Natasha
  1013 | D:2      | Reached skill level 1 in Hexes
  1013 | D:2      | Reached skill level 1 in Summonings
  1013 | D:2      | Reached skill level 1 in Necromancy
  1013 | D:2      | Reached skill level 1 in Translocations
  1013 | D:2      | Reached skill level 1 in Transmutations
  1013 | D:2      | Reached skill level 1 in Fire Magic
  1013 | D:2      | Reached skill level 1 in Ice Magic
  1013 | D:2      | Reached skill level 1 in Air Magic
  1013 | D:2      | Reached skill level 1 in Earth Magic
  1013 | D:2      | Reached skill level 1 in Poison Magic
  1033 | D:2      | Noticed Natasha
  1061 | D:2      | Killed Natasha
  1062 | D:2      | Reached XP level 5. HP: 20/43 MP: 12/12
  1564 | D:3      | Found a transporter.
  1568 | D:3      | Found a transporter.
  1569 | D:3      | Noticed a sky beast
  1575 | D:3      | Found a basalt altar of Yredelemnul.
  1575 | D:3      | Found an iron altar of Okawaru.
  1575 | D:3      | Found a shadowy altar of Dithmenos.
  2445 | D:3      | Killed a sky beast
  2446 | D:3      | Reached XP level 6. HP: 50/50 MP: 14/14
  2482 | D:3      | Became a worshipper of Yredelemnul the Dark
  2565 | D:4      | Reached skill level 5 in Fighting
  2565 | D:4      | Reached skill level 5 in Dodging
  2583 | D:4      | Reached * piety under Yredelemnul
  2761 | D:4      | Found a bloodstained altar of Trog.
  2761 | D:4      | Noticed an orc warrior
  2783 | D:4      | HP: 2/51 [orc warrior/+0 trident (8)]
  2784 | D:4      | Slain by an orc warrior

Illustrated notes

Levels and vault maps discovered:
D:1:      saegor_arrival_simple_c, layout_basic
D:2:      layout_basic, serial_glass, glass_columns_b, glass_columns_a,
          chequers_ecumenical_altar_simple_redux, grunt_ministairs_15,
          minmay_small_reverse_x, uniq_natasha
D:3:      layout_basic, gammafunk_temple_overflow_arena
D:4:      layout_rooms, nzn_overflow_gifts_of_might_and_magic

Skill      XL: |  1  2  3  4  5  6 |
---------------+-------------------+-----
Spellcasting   | 5 |  5.4
Short Blades   | 1 2 |  2.1
Long Blades    | 1 2 |  2.1
Axes           | 1 2 |  2.1
Maces & Flails | 1 2 |  2.1
Staves         | 1 2 |  2.1
Ranged Weapons | 1 2 |  2.1
Throwing       | 1 2 |  2.1
Armour         | 1 2 |  2.1
Stealth        | 1 2 |  2.1
Shields        | 1 2 |  2.1
Unarmed Combat | 1 2 |  2.1
Invocations    | 1 2 |  2.3
Evocations     | 1 2 |  2.1
Hexes          | 1 |  1.6
Summonings     | 1 |  1.6
Necromancy     | 1 |  1.6
Translocations | 1 |  1.6
Transmutations | 1 |  1.6
Fire Magic     | 1 |  1.6
Ice Magic      | 1 |  1.6
Air Magic      | 1 |  1.6
Earth Magic    | 1 |  1.6
Poison Magic   | 1 |  1.6
Fighting       | 5 |  5.0
Dodging        | 5 |  5.0
Polearms       | |  6.9
Conjurations   | |  5.7

Action                   |  1- 3 |  4- 6 || total
-------------------------+-------+-------++-------
Melee: Spear             |   113 |   203 ||   316
       Bite              |     9 |    21 ||    30
       Punch             |     2 |     1 ||     3
Evoke: Wand              |       |     4 ||     4
  Use: Scroll            |       |     8 ||     8
       Potion            |       |     6 ||     6
 Stab: Distracted        |     1 |       ||     1
Armor: Leather armour    |     9 |       ||     9
       Scale mail        |    30 |    71 ||   101
Dodge: Dodged            |    55 |    95 ||   150

Table legend: (Time is in decaauts)
 A = Elapsed time spent in this place.
 B = Non-inter-level travel time spent in this place.
 C = Inter-level travel time spent in this place.
 D = Time resting spent in this place.
 E = Time spent auto-exploring this place.
 F = Levels seen in this place.
 G = Mean time per level.
                   A        B        C        D        E       F      G
               +--------+--------+--------+--------+--------+-----+--------+
         Total |   2735 |   2585 |    150 |      0 |   1949 |   4 |  683.8 |
       Dungeon |   2735 |   2585 |    150 |      0 |   1949 |   4 |  683.8 |
               +--------+--------+--------+--------+--------+-----+--------+

Top non-repeatable levels by time:
     D:3: 1028 daAuts
     D:2: 876 daAuts
     D:1: 577 daAuts
     D:4: 252 daAuts
